 Dungeon Crawl Stone Soup version 0.30-b1-2-g02819fbbbe (webtiles) character file.

Game seed: 11165716093721096339

140451 Arcadio the Tortoise (level 16, 0/159 HPs)
             Began as an Armataur Fighter on May 6, 2023.
             Was a High Priest of Okawaru.
             Asphyxiated
             ... on level 3 of the Snake Pit.
             The game lasted 02:37:26 (38450 turns).

Arcadio the Tortoise (Armataur Fighter)            Turns: 38450, Time: 02:37:29

Health: 0/159      AC: 24    Str: 33    XL:     16   Next: 75%
Magic:  19/24      EV:  5    Int: 11    God:    Okawaru [*****.]
Gold:   881        SH:  7    Dex: 14    Spells: 15/15 levels left

rFire   . . .        b - +8 demon whip of the Final Decision {freeze, rN+}
rCold   + . .        U - +0 buckler {rC+}
rNeg    + . .        x - +1 scale mail of the Distant Future {rElec Int+2 Dex+2 SInv}
rPois   +            u - +2 helmet of Hixzefin {Will+ rCorr}
rElec   +            R - +2 cloak
rCorr   +            g - +2 pair of gloves {infuse}
SInv    +            (no barding)
Will    ++...        t - amulet of the acrobat Stlth
                     j - +6 ring of strength
HPRegen 0.46/turn    m - ring of poison resistance
MPRegen 0.19/turn

%: acrobat, roll, infuse magic (1 MP)
@: weakened, constricted
A: large, rugged brown scales 3, deformed body, armoured tail, roll, long
tongue, awkward tongue
a: Renounce Religion, Heroism, Finesse, Duel


You were on level 3 of the Snake Pit.
You worshipped Okawaru.
Okawaru was extremely pleased with you.
You visited 7 branches of the dungeon, and saw 28 of its levels.
You also visited: Ossuary, Gauntlet, Ice Cave and Volcano.

You collected 2579 gold pieces.
You spent 1698 gold pieces at shops.

Inventory:

Hand Weapons
 a - a +8 demon whip of venom
 b - the +8 demon whip of the Final Decision (weapon) {freeze, rN+}
   (You took it off a minotaur in a Gauntlet)

   rN:        It protects you from negative energy.
Missiles
 l - 10 silver javelins
 L - 4 curare-tipped darts (quivered)
 P - 2 throwing nets
Armour
 c - a +2 kite shield of cold resistance
 d - a +1 hat of stealth
 g - a +2 pair of gloves of infusion (worn)
 s - a +2 robe of willpower
 u - the +2 helmet of Hixzefin (worn) {Will+ rCorr}
   (You found it on level 4 of the Dungeon)

   rCorr:     It protects you from acid and corrosion.
   Will:      It increases your willpower.
 x - the +1 scale mail of the Distant Future (worn) {rElec Int+2 Dex+2 SInv}
   (Okawaru gifted it to you on level 4 of the Lair of Beasts)

   Int:       It affects your intelligence (+2).
   Dex:       It affects your dexterity (+2).
   rElec:     It insulates you from electricity.
   SInv:      It lets you see invisible.
 G - the +4 ring mail of Responsibility {rC+++ Will- rCorr Int+3}
   (Okawaru gifted it to you on level 1 of the Lair of Beasts)

   Int:       It affects your intelligence (+3).
   rC:        It renders you almost immune to cold.
   rCorr:     It protects you from acid and corrosion.
   Will:      It decreases your willpower.
 K - the +2 helmet of the Unbroken {Rampage *Corrode +Inv rN+++}
   (Okawaru gifted it to you on level 1 of the Snake Pit)

   rN:        It renders you almost immune to negative energy.
   +Inv:      It lets you turn invisible.
   *Corrode:  It may corrode you when you take damage.
   Rampage:   It bestows one free step when moving towards enemies.
 O - the +10 tower shield of Ignorance {rN+ Int-4}
   (Okawaru gifted it to you on level 1 of the Snake Pit)

   Int:       It affects your intelligence (-4).
   rN:        It protects you from negative energy.
 R - a +2 cloak (worn)
 U - a +0 buckler of cold resistance (worn)
Jewellery
 j - a +6 ring of strength (left hand)
 m - a ring of poison resistance (right hand)
 t - an amulet of the acrobat (around neck)
 B - a +6 ring of strength
 D - a ring of protection from fire
 X - a ring of positive energy
Wands
 y - a wand of roots (18)
 z - a wand of flame (23)
 F - a wand of mindburst (9)
 H - a wand of paralysis (10)
 S - a wand of polymorph (11)
 V - a wand of quicksilver (4)
Scrolls
 e - 7 scrolls of teleportation
 i - a scroll of silence
 o - 5 scrolls of blinking
 r - 8 scrolls of identify
 w - 8 scrolls of vulnerability
 A - 3 scrolls of fog
 E - 12 scrolls of fear
 I - 7 scrolls of enchant weapon
 M - 2 scrolls of enchant armour
 N - 3 scrolls of magic mapping
 W - 3 scrolls of poison
 Z - 2 scrolls of amnesia
Potions
 f - 2 potions of ambrosia
 h - 7 potions of flight
 k - 2 potions of attraction
 n - 6 potions of mutation
 p - a potion of curing
 q - 4 potions of haste
 v - 9 potions of lignification
 C - 2 potions of invisibility
 J - a potion of brilliance {unknown}
 Q - 2 potions of might
 T - a potion of heal wounds


   Skills:
 + Level 15.4 Fighting
 - Level 2.1 Long Blades
 + Level 13.2 Maces & Flails
 + Level 19.6 Armour
 + Level 10.6 Shields
 - Level 11.9 Invocations


You had 15 spell levels left.
You didn't know any spells.
Your spell library contained the following spells:

 Spells                   Type           Power      Damage    Failure   Level
 Beastly Appendage        Tmut           0%         N/A       50%         1
 Foxfire                  Conj/Fire      0%         2x1d4     50%         1
 Magic Dart               Conj           0%         1d3       50%         1
 Necrotise                Necr           0%         1d4       50%         1
 Slow                     Hex            0%         N/A       50%         1
 Cigotuvi's Dreadful Rot  Necr/Pois/Air  0%         N/A       65%         2
 Ensorcelled Hibernation  Hex/Ice        0%         N/A       65%         2
 Searing Ray              Conj           0%         2d4       65%         2
 Static Discharge         Conj/Air       0%         2-2/arc   65%         2
 Sublimation of Blood     Necr           0%         N/A       65%         2
 Wereblood                Tmut           0%         N/A       65%         2
 Confusing Touch          Hex            0%         N/A       86%         3
 Dazzling Flash           Conj/Hex       0%         N/A       86%         3
 Inner Flame              Hex/Fire       0%         N/A       86%         3
 Spider Form              Tmut/Pois      0%         N/A       86%         3
 Stone Arrow              Conj/Erth      0%         3d7       86%         3
 Vampiric Draining        Necr           0%         2d6       86%         3
 Vhi's Electric Charge    Tloc/Air       0%         N/A       86%         3
 Airstrike                Air            0%         2d(0-16)  99%         4
 Anguish                  Hex/Necr       0%         N/A       99%         4
 Dispel Undead            Necr           0%         3d6       99%         4
 Flame Wave               Conj/Fire      0%         2d4       99%         4
 Fulminant Prism          Conj/Hex       0%         3d5       99%         4
 Petrify                  Tmut/Erth      0%         N/A       99%         4
 Sticky Flame             Conj/Fire      0%         2d3       99%         4
 Agony                    Necr           0%         N/A       100%        5
 Arcjolt                  Conj/Air       0%         1d10      100%        5
 Blade Hands              Tmut           0%         N/A       100%        5
 Fireball                 Conj/Fire      0%         3d3       100%        5
 Irradiate                Conj/Tmut      0%         3d11      100%        5
 Silence                  Hex/Air        0%         N/A       100%        5
 Yara's Violent Unravell  Hex/Tmut       0%         3d3       100%        5
 Iron Shot                Conj/Erth      0%         9d1       100%        6
 Plasma Beam              Fire/Air       0%         2x1d11    100%        6
 Starburst                Conj/Fire      0%         6d3       100%        6
 Enfeeble                 Hex            0%         N/A       100%        7
 Orb of Destruction       Conj           0%         9d5       100%        7
 Lehudib's Crystal Spear  Conj/Erth      0%         10d2      100%        8
 Chain Lightning          Conj/Air       0%         N/A       100%        9
 Fire Storm               Conj/Fire      0%         5d1       100%        9
 Shatter                  Erth           0%         3d5*      100%        9
 Summon Guardian Golem    Hex/Summ       Unusable   N/A       N/A         3
 Animate Armour           Summ/Erth      Unusable   N/A       N/A         4
 Summon Lightning Spire   Summ/Air       Unusable   N/A       N/A         4
 Death Channel            Necr           Unusable   N/A       N/A         6
 Spellforged Servitor     Conj/Summ      Unusable   N/A       N/A         7

Dungeon Overview and Level Annotations

Branches:
Dungeon (15/15) Zot: 24769  Temple (1/1) D:4 Zot: 5926    Lair (5/5) D:8 Zot: 21139
  Swamp (0/4) Lair:2        Snake (3/4) Lair:3 Zot: 13591   Slime (1/5) Lair:4 Zot: 5998
    Orc (2/2) D:12 Zot: 9960     Elf (0/3) Orc:2        Vaults (0/5) D:14
 Depths (1/4) D:15 Zot: 5998 Ossuary (visited)           IceCv (visited)
Volcano (visited)         Gauntlet (visited)

Altars:
Ashenzari
Cheibriados
Dithmenos
Elyvilon
Fedhas
Gozag
Hepliaklqana
Kikubaaqudgha
Makhleb
Nemelex Xobeh
Okawaru
Qazlal
Ru
Sif Muna
Trog
Uskayaw
Vehumet
Wu Jian
Xom
Yredelemnul
Zin
The Shining One

Shops:
Orc:1 [   Orc:2 ?**:*[(*

Annotations:
Lair:3 exclusion: upstairs
Lair:4 exclusion: oklob plant


Innate Abilities, Weirdness & Mutations

You are completely covered in rugged brown scales. (AC +3, +7% HP)
Armour fits poorly on your strangely shaped body.
You have a long armoured tail.
You roll when moving toward enemies. (Rampage)
Your long tongue fully drains potion bottles. (2x potion effects)
Your tongue gives you trouble enunciating. (1.5x scroll delay)


Message History

You barely miss the naga. You block the naga warrior's attack.
The anaconda bites you but does no damage.
The anaconda constricts you.
The salamander hits you from afar with a +0 halberd.
You are engulfed in flames!
The naga closely misses you.
You whack the naga! You freeze the naga.
The naga is heavily wounded.
The naga hits you from afar with a +0 glaive!
The anaconda bites you! The anaconda constricts you.
The salamander barely misses you.
The guardian serpent coils itself and waves its upper body at you.
The salamander tyrant hits you but does no damage.
You hit the naga but do no damage.
The naga is heavily wounded.
You block the naga warrior's attack.
The salamander hits you from afar with a +0 halberd!
You are engulfed in flames!
You block the anaconda's attack. The anaconda constricts you.
The naga hits you with a +0 flail! You block the naga mage's attack.
The naga hits you from afar with a +0 glaive!!
* * * LOW HITPOINT WARNING * * *
The salamander hits you from afar with a +0 spear!
* * * LOW HITPOINT WARNING * * *
You are engulfed in flames!
* * * LOW HITPOINT WARNING * * *
Okay, then.
Okay, then.
Aiming: Duel (8% risk of failure)
Press: ? - help, Dir - move target, f - naga
Aim: a naga, wielding a +0 flail and wearing a +0 robe (moderately wounded, strong, concentrated venom)
The naga is not worthy to be dueled!
Aiming: Duel (8% risk of failure)
Press: ? - help, Dir - move target, f - anaconda, p - naga
Aim: an anaconda (constricting you)
You fail to use your ability.
You block the anaconda's attack. The anaconda constricts you.
The naga spits poison at you.
The splash of poison hits you but does no damage.
You have difficulty breathing.
You die...

#./.. ##...
^.... ..# #...
..##.N. .
.....# ..
##..#N#
..N#..N#@###
....SSNSNN.#
.....NNNNNN#
.......NNN.#
........N...#
....#.#.#....#
....#...######
.$. ##..# .N..


You could see 2 naga warriors, a salamander tyrant (strong), 3 salamanders, an
anaconda, a shock serpent, a guardian serpent, 3 naga magi and 6 nagas.

Vanquished Creatures
  Mlioglotl (Snake:2)
  Gastronok (Lair:1)
  Kirke (D:13)
  A nagaraja (Snake:1)
  A stone giant (D:15)
  A reaper (IceCv)
  Azrael (D:12)
  A minotaur (Gauntlet)
  Josephine (D:14)
  5 hydras
  Erolcha (D:10)
  An ice dragon (D:11)
  2 ogre magi
  3 vault guards (D:14)
  2 catoblepae
  3 centaur warriors
  5 anacondas
  6 boulder beetles
  Erica (D:7)
  6 two-headed ogres
  2 tengu warriors (D:15)
  8 naga warriors
  3 death yaks
  An orc high priest (Orc:2)
  9 naga sharpshooters
  Sonja (Lair:2)
  4 shock serpents
  Amaemon (D:8)
  A salamander mystic (Snake:1)
  7 skeletal warriors (D:14)
  3 naga ritualists (Snake:1)
  2 large abominations (Gauntlet)
  2 bog bodies (Lair:2)
  Pikel (D:4)
  2 orc knights (D:14)
  9 orc sorcerers
  7 mana vipers
  9 ugly things
  3 cyclopes
  4 manticores
  9 centaur zombies
  7 salamanders
  4 guardian serpents
  2 ice statues (IceCv)
  19 elephants
  An eye of devastation (Lair:4)
  An orange demon (D:8)
  13 naga magi
  2 gargoyles
  24 black mambas
  23 cane toads
  2 unseen horrors
  The ghost of Lordstoney the Chiller, a novice HuIE (D:5)
  2 kobold demonologists
  2 yaktaurs (D:15)
  5 rime drakes
  7 ice devils
  2 freezing wraiths
  6 komodo dragons
  2 tyrant leeches (Lair:5)
  3 polar bears
  3 trolls
  A hornet (D:8)
  11 blink frogs (Lair:5)
  A dream sheep (Lair:4)
  15 slime creatures
  4 flying skulls (Gauntlet)
  2 water elementals (D:14)
  2 shadows
  5 centaur simulacra
  4 vampires (D:14)
  20 yaks
  4 fire elementals (D:12)
  2 wyverns
  2 humans
  4 hogs (D:12)
  11 wraiths
  Grum (D:8)
  Eustachio (D:3)
  3 basilisks
  2 steam dragons
  2 death yak simulacra
  Menkaure (D:5)
  11 vampire mosquitoes
  17 nagas
  4 wargs
  4 harpy simulacra
  2 hell hounds (D:12)
  An acid dragon (D:10)
  17 water moccasins
  2 ice beasts (D:7)
  2 sky beasts
  18 orc warriors
  5 black bears
  4 ogres
  2 boggarts (D:11)
  4 centaurs
  3 lemures (D:3)
  19 wolves
  A phantom (D:6)
  5 kobold brigands
  20 bullfrogs
  17 scorpions
  2 two-headed ogre simulacra (IceCv)
  2 cane toad simulacra (IceCv)
  5 small abominations (Gauntlet)
  A wyvern skeleton (D:5)
  9 wights
  2 elephant simulacra (IceCv)
  9 killer bees
  6 electric eels
  5 howler monkeys
  4 lava snakes (Lair:4)
  23 orc priests
  2 hounds
  2 jellies (D:6)
  A wyvern simulacrum (Gauntlet)
  A gnoll bouda (D:6)
  4 human zombies (Ossuary)
  2 scorpion zombies (Ossuary)
  7 iguanas
  29 orc wizards
  Natasha (thrice) (D:3)
  4 troll simulacra
  A wolf simulacrum (IceCv)
  3 spriggan simulacra
  3 mummies (Ossuary)
  Robin (D:4)
  A howler monkey skeleton (D:5)
  A howler monkey zombie (D:5)
  6 gnolls
  7 adders
  2 naga simulacra
  A shadow imp (D:8)
  6 white imps
  5 ufetubi
  2 worms (D:2)
  3 dart slugs
  45 orcs
  3 bats (D:3)
  3 endoplasms
  5 giant cockroaches
  A gnoll zombie (Ossuary)
  15 goblins
  10 hobgoblins
  40 kobolds
  4 quokkas
  10 ball pythons
  3 frilled lizards
  4 goblin zombies (Ossuary)
  2 hobgoblin zombies (Ossuary)
  5 kobold zombies (Ossuary)
  3 rats
837 creatures vanquished.

Vanquished Creatures (others)
  A basilisk (Lair:3)
  13 bushes (Lair:5)
  6 demonic plants (D:8)
  73 fungi
  300 plants
  4 withered plants (D:14)
397 creatures vanquished.

Grand Total: 1234 creatures vanquished

Notes
Turn   | Place    | Note
-------+----------+-------------------------------------------
     0 | D:1      | Arcadio the Armataur Fighter began the quest for the Orb.
     0 | D:1      | Reached XP level 1. HP: 19/19 MP: 1/1
   238 | D:1      | Reached XP level 2. HP: 26/26 MP: 2/2
   507 | D:1      | Reached skill level 4 in Armour
   762 | D:2      | Reached XP level 3. HP: 33/33 MP: 3/3
   948 | D:2      | Found a shimmering blue altar of Sif Muna.
  1436 | D:3      | Found a shadowy altar of Dithmenos.
  1502 | D:3      | Reached XP level 4. HP: 31/40 MP: 4/4
  1705 | D:3      | Found a faded altar of an unknown god.
  1722 | D:3      | Prayed at the altar of an unknown god.
  1722 | D:3      | Became a worshipper of Warmaster Okawaru
  1722 | D:3      | Reached * piety under Okawaru
  1896 | D:3      | Noticed Natasha
  1900 | D:3      | Killed Natasha
  1901 | D:3      | Reached skill level 5 in Armour
  2396 | D:3      | Noticed Natasha
  2404 | D:3      | Killed Natasha
  2405 | D:3      | Reached XP level 5. HP: 44/49 MP: 5/5
  2520 | D:3      | Noticed Natasha
  2530 | D:3      | Killed Natasha
  2663 | D:4      | Noticed Eustachio
  2663 | D:4      | Noticed Pikel
  2663 | D:4      | Noticed a lemure
  2663 | D:4      | Noticed a lemure
  2663 | D:4      | Noticed a lemure
  2671 | D:3      | Killed Eustachio
  2672 | D:3      | Reached skill level 6 in Armour
  2672 | D:3      | Reached XP level 6. HP: 34/58 MP: 6/6
  3039 | D:4      | Reached ** piety under Okawaru
  3167 | D:4      | Found a staircase to the Ecumenical Temple.
  3173 | Temple   | Entered the Ecumenical Temple
  3283 | D:4      | Reached skill level 5 in Fighting
  3306 | D:4      | Noticed Robin
  3340 | D:4      | Killed Robin
  3536 | D:4      | Killed Pikel
  3537 | D:4      | Reached skill level 8 in Armour
  3537 | D:4      | Reached XP level 7. HP: 31/67 MP: 5/7
  3538 | D:4      | Reached *** piety under Okawaru
  3692 | D:4      | Identified the +2 helmet of Hixzefin {Will+ rCorr}
  3972 | D:5      | Entered Level 5 of the Dungeon
  4036 | D:5      | Reached XP level 8. HP: 31/75 MP: 8/8
  4255 | D:5      | Found a runed translucent gate.
  4256 | D:5      | Found a runed translucent gate.
  4256 | D:5      | Found a runed translucent gate.
  4259 | D:5      | Noticed Lordstoney's ghost (novice HuIE)
  4380 | D:5      | Found a stormy altar of Qazlal.
  4383 | D:5      | Found a glowing silver altar of Zin.
  4386 | D:5      | Found an ornate altar of the Wu Jian Council.
  4389 | D:5      | Found a burning altar of Makhleb.
  4414 | D:5      | Noticed Menkaure
  4423 | D:5      | Killed Menkaure
  4547 | D:5      | Reached skill level 9 in Armour
  5014 | D:6      | Reached skill level 5 in Shields
  5106 | D:6      | Reached **** piety under Okawaru
  5121 | D:6      | Found a sand-covered staircase.
  5126 | Ossuary  | Entered an ossuary
  5249 | Ossuary  | Reached XP level 9. HP: 56/84 MP: 9/9
  5376 | Ossuary  | Reached skill level 10 in Armour
  5991 | D:6      | Reached ***** piety under Okawaru
  6459 | D:6      | Reached skill level 1 in Maces & Flails
  6962 | D:7      | Reached skill level 11 in Armour
  7249 | D:6      | Received a gift from Okawaru
  7780 | D:6      | Reached XP level 10. HP: 90/96 MP: 10/10
  7848 | D:7      | Received a gift from Okawaru
  7885 | D:7      | Noticed a manticore
  8004 | D:7      | Found an ancient bone altar of Kikubaaqudgha.
  8005 | D:7      | Found a shimmering blue altar of Sif Muna.
  8007 | D:7      | Found a radiant altar of Vehumet.
  8103 | D:8      | Noticed Grum
  8357 | D:8      | Killed Grum
  8827 | D:8      | Received a gift from Okawaru
  9025 | D:8      | Reached skill level 1 in Invocations
  9169 | D:8      | Reached skill level 12 in Armour
  9172 | D:8      | Paralysed by a hornet for 1 turns
  9448 | D:8      | Noticed Amaemon
  9457 | D:8      | Noticed an orange demon
  9465 | D:8      | Killed Amaemon
  9470 | D:8      | Killed an orange demon
  9814 | D:8      | Noticed Erica
  9839 | D:7      | Killed a manticore
 10012 | D:7      | Reached skill level 5 in Maces & Flails
 10013 | D:7      | Killed Erica
 10013 | D:7      | Received a gift from Okawaru
 10014 | D:7      | Reached XP level 11. HP: 58/105 MP: 13/13
 10391 | D:8      | Found a staircase to the Lair.
 10662 | Lair:1   | Entered Level 1 of the Lair of Beasts
 10905 | Lair:1   | Reached skill level 10 in Fighting
 11300 | Lair:1   | Reached skill level 13 in Armour
 11909 | Lair:2   | Noticed Sonja
 12033 | Lair:2   | Noticed Gastronok
 12033 | Lair:2   | Found a dark tunnel.
 12047 | Lair:1   | Killed Gastronok
 12047 | Lair:1   | Identified the +4 ring mail of Responsibility {rC+++ Will-
                  | rCorr Int+3} (Okawaru gifted it to you on level 1 of the
                  | Lair of Beasts)
 12047 | Lair:1   | Received a gift from Okawaru
 12048 | Lair:1   | Reached skill level 5 in Invocations
 12151 | Volcano  | Entered a volcano
 12167 | Volcano  | Noticed a centaur warrior
 12476 | Lair:2   | Noticed a bog body
 12524 | Lair:2   | Killed a bog body
 12958 | Lair:2   | Noticed a six-headed hydra
 13005 | Lair:3   | Noticed a six-headed hydra
 13095 | Lair:3   | Noticed a catoblepas
 13128 | Lair:3   | Killed a catoblepas
 13133 | Lair:3   | HP: 6/162 [komodo dragon (23)]
 13138 | Lair:3   | HP: 6/162 [komodo dragon (2)]
 13150 | Lair:3   | Reached XP level 12. HP: 33/115 MP: 16/16
 13233 | Lair:3   | Reached skill level 14 in Armour
 13431 | Lair:3   | Found a staircase to the Snake Pit.
 13796 | Lair:3   | Killed a six-headed hydra
 14585 | Lair:4   | Found a staircase to the Slime Pits.
 14617 | Lair:4   | Identified the +1 scale mail of the Distant Future {rElec
                  | Int+2 Dex+2 SInv} (Okawaru gifted it to you on level 4 of
                  | the Lair of Beasts)
 14617 | Lair:4   | Received a gift from Okawaru
 15233 | Lair:4   | Noticed a death yak
 15282 | Lair:4   | Killed a death yak
 15293 | Lair:4   | Noticed a death yak
 15294 | Lair:4   | Noticed a death yak
 15295 | Lair:4   | Noticed a death yak
 15321 | Lair:3   | Killed a death yak
 16261 | Lair:4   | Reached skill level 15 in Armour
 16523 | Lair:5   | Entered Level 5 of the Lair of Beasts
 16553 | Lair:5   | Noticed a five-headed hydra
 16596 | Slime:1  | Entered Level 1 of the Pits of Slime
 16635 | Lair:4   | Killed a five-headed hydra
 16715 | Lair:5   | Reached ****** piety under Okawaru
 16716 | Lair:5   | Reached XP level 13. HP: 102/125 MP: 19/19
 16863 | Lair:5   | Identified the +2 quarterstaff of Cruel Justice {pain, rC+}
                  | (Okawaru gifted it to you on level 5 of the Lair of Beasts)
 16863 | Lair:5   | Received a gift from Okawaru
 17407 | Lair:5   | Received a gift from Okawaru
 18218 | Lair:5   | Found the dreamshard necklace {*Dream Drain}
 18685 | Lair:5   | Reached skill level 16 in Armour
 18920 | Lair:2   | Found a staircase to the Swamp.
 19166 | Lair:2   | Received a gift from Okawaru
 19474 | Lair:2   | Killed Sonja
 20197 | D:9      | Identified the ring "Xasorgh" {rC+ rCorr Int+6}
 20724 | D:10     | Entered Level 10 of the Dungeon
 20726 | D:10     | Noticed Erolcha
 20732 | D:10     | Reached skill level 10 in Invocations
 20738 | D:10     | Killed Erolcha
 20739 | D:10     | Reached XP level 14. HP: 135/135 MP: 21/21
 21123 | D:10     | Reached skill level 10 in Maces & Flails
 22384 | D:11     | Received a gift from Okawaru
 22673 | D:11     | You fall into a shaft and drop 1 floor!
 22735 | D:12     | Found a staircase to the Orcish Mines.
 22765 | D:12     | Found a frozen archway.
 22899 | IceCv    | Entered an ice cave
 23139 | IceCv    | Noticed a reaper
 23153 | IceCv    | Killed a reaper
 23824 | D:12     | Reached skill level 17 in Armour
 23958 | D:12     | Noticed Azrael
 24013 | D:12     | Killed Azrael
 25043 | D:13     | Noticed Kirke
 25055 | D:13     | Killed Kirke
 25783 | D:14     | Received a gift from Okawaru
 26093 | Arena    | Entered the Arena
 26191 | D:14     | Found a gate to the Vaults.
 26223 | D:14     | Found a gate leading to a gauntlet.
 26231 | Gauntlet | Entered a Gauntlet
 26231 | Gauntlet | Found a transporter.
 26375 | Gauntlet | Found a transporter.
 26377 | Gauntlet | Found a transporter.
 26450 | Gauntlet | Found a transporter.
 26460 | Gauntlet | Identified the ring "Toeriuci" {Fly rC+ Int+6 Dex+3}
 26528 | Gauntlet | Found a transporter.
 26528 | Gauntlet | Found a transporter.
 26531 | Gauntlet | Found a transporter.
 26758 | Gauntlet | Found a transporter.
 26759 | Gauntlet | Found a transporter.
 26800 | Gauntlet | Identified the +8 demon whip of the Final Decision {freeze,
                  | rN+}
 26800 | Gauntlet | Identified the ring of Fiatiq {Wiz rElec Stlth+}
 26816 | Gauntlet | Reached XP level 15. HP: 83/146 MP: 21/23
 29092 | Orc:1    | Entered Level 1 of the Orcish Mines
 29113 | Orc:1    | Reached skill level 18 in Armour
 29301 | Orc:1    | Found Vogitic's Armour Shop.
 29311 | Orc:1    | Bought a +2 pair of gloves of infusion for 301 gold pieces
 29399 | Orc:1    | Received a gift from Okawaru
 29626 | Orc:2    | Entered Level 2 of the Orcish Mines
 29626 | Orc:2    | Found Aguysm's Armour Emporium.
 29629 | Arena    | Entered the Arena
 29650 | Orc:2    | Found Eqytemn's General Store.
 29666 | Orc:2    | Bought a potion of heal wounds for 70 gold pieces
 30404 | Orc:2    | Found Denoeshu's Assorted Antiques.
 30404 | Orc:2    | Found Qymp's Assorted Antiques.
 30404 | Orc:2    | Found Vohep's Book Boutique.
 30444 | Orc:2    | Found Izano Nipt's Assorted Antiques.
 30459 | Orc:2    | Bought a potion of invisibility for 144 gold pieces
 30459 | Orc:2    | Bought a scroll of blinking for 135 gold pieces
 30459 | Orc:2    | Bought a potion of curing for 54 gold pieces
 30464 | Orc:2    | Bought a scroll of magic mapping for 195 gold pieces
 30464 | Orc:2    | Bought a potion of invisibility for 208 gold pieces
 30464 | Orc:2    | Bought a scroll of magic mapping for 195 gold pieces
 30464 | Orc:2    | Bought a scroll of fear for 104 gold pieces
 30464 | Orc:2    | Bought a potion of might for 104 gold pieces
 30517 | Orc:2    | Found Cicrotz's Antique Weapon Shop.
 30551 | Orc:2    | Found a staircase to the Elven Halls.
 31048 | Orc:2    | Found Myhej's Magic Scroll Shoppe.
 31051 | Orc:2    | Bought a scroll of fog for 52 gold pieces
 31051 | Orc:2    | Bought a scroll of teleportation for 39 gold pieces
 31051 | Orc:2    | Bought a scroll of enchant weapon for 97 gold pieces
 31464 | D:15     | Entered Level 15 of the Dungeon
 31464 | D:15     | Noticed Josephine
 31475 | D:14     | Killed Josephine
 31649 | D:15     | Found a broken altar of Ashenzari.
 33221 | D:15     | Found a staircase to the Depths.
 33254 | Depths:1 | Entered Level 1 of the Depths
 33594 | D:5      | Killed Lordstoney's ghost
 33782 | Snake:1  | Entered Level 1 of the Snake Pit
 33823 | Snake:1  | Identified the +2 helmet of the Unbroken {Rampage *Corrode
                  | +Inv rN+++} (Okawaru gifted it to you on level 1 of the
                  | Snake Pit)
 33823 | Snake:1  | Received a gift from Okawaru
 33833 | Snake:1  | Noticed a nagaraja
 33836 | Arena    | Entered the Arena
 34346 | Snake:1  | Reached XP level 16. HP: 138/157 MP: 15/24
 34913 | Snake:1  | Found an ancient bone altar of Kikubaaqudgha.
 35031 | Snake:1  | Reached skill level 19 in Armour
 35247 | Snake:1  | Reached skill level 15 in Fighting
 35658 | Snake:1  | HP: 7/159 [nagaraja/+0 halberd (26)]
 35812 | Snake:1  | Received a gift from Okawaru
 35812 | Snake:1  | Found the +10 tower shield of Ignorance {rN+ Int-4}
 36372 | Snake:2  | Reached skill level 10 in Shields
 36682 | Snake:2  | Noticed Mlioglotl
 36690 | Snake:2  | Noticed a bone dragon
 36707 | Snake:2  | Killed Mlioglotl
 38449 | Snake:3  | HP: 7/159 [salamander/+0 spear (8)]
 38450 | Snake:3  | Asphyxiated

Illustrated notes

Levels and vault maps discovered:
D:1:      evilmike_arrival_rings, layout_loops_cross
D:2:      layout_loops_ring, basic_altar
D:3:      layout_loops_ring, mainiacjoe_overflow_concentric_impassable,
          ebering_ecumenical_altar_abandoned, uniq_natasha
D:4:      layout_cave_pods, minmay_temple_entry_fiery, uniq_eustachio,
          uniq_pikel, uniq_robin
D:5:      layout_basic, grunt_temple_overflow_cloverleaf,
          gammafunk_ghost_necromancy, kennysheep_potato, uniq_menkaure
D:6:      layout_loops_ring, nicolae_ossuary_entry_ruins
D:7:      layout_cave_pools, grunt_temple_overflow_magic_moments,
          grunt_ministairs_1, hangedman_decor_peaks_small
D:8:      layout_loops_ring, grunt_lair_entry_orc_guard_hut, serial_demonic,
          serial_demonic_f, serial_demonic_b, serial_demonic_c,
          serial_demonic_a, uniq_grum, uniq_amaemon, uniq_erica
D:9:      layout_irregular_city, palyth_stone_intersect
D:10:     layout_cave_pods, nicolae_benzene_ring, uniq_erolcha
D:11:     dreamdust_isle_of_ice, layout_gridville, tgw_xom
D:12:     layout_loops_corners, minmay_orc_entry_guard_dogs,
          portal_ice_cave_demonic_guard, uniq_azrael
D:13:     layout_cave_pools, serial_co_window_serial, co_window_paths_b,
          co_window_of_opportunity_a, co_window_paths_a, co_window_corner_a,
          co_window_of_opportunity_a, co_window_of_opportunity_a,
          co_window_paths_b, co_window_2corner, co_window_corner_ca,
          co_window_unsneaky_path_a, co_window_corner_b, co_window_corner_ca,
          glass_columns_b, glass_columns_c, glass_columns_c, uniq_kirke
D:14:     layout_big_octagon, grunt_vaults_entry_fortified,
          gauntlet_entry_generic, serial_undead, serial_undead_b,
          serial_undead_b, serial_undead_a, serial_undead_a
D:15:     grunt_enter_depths_snipers, layout_irregular_city,
          evilmike_ruin_ashenzari, serial_column_ruins,
          column_ruins_square_large, column_ruins_corridor_straight,
          column_ruins_corridor_straight, column_ruins_grid_1,
          column_ruins_columns_corner, column_ruins_columns_straight,
          uniq_josephine
Temple:   zaba_magenta_temple
Lair:1:   layout_cave_pods, serial_bayou_shore_b, grunt_megastairs_1
Lair:2:   layout_gridlike, skrybe_swamp_entry_bodies, enter_volcano_2,
          chequers_serial_rivers_micro_d, lemuel_fruit_fields,
          serial_bayou_shore_b, uniq_gastronok, uniq_sonja
Lair:3:   layout_regular_city, minmay_snake_entry_six_corridors,
          beast_lair_carwin_10, lemuel_fruit_tree
Lair:4:   layout_hall_layers, slime_entry_1, st_stairs_11,
          nicolae_lair_lil_pond, nicolae_lair_liquid_snakes
Lair:5:   minmay_lair_end_frog_pond, layout_cave_shapes, serial_forest,
          infiniplex_forest_zigzag_1, infiniplex_forest_clump_C,
          infiniplex_forest_straight_2, infiniplex_forest_straight_3,
          infiniplex_forest_clump_double, infiniplex_forest_clump_long,
          infiniplex_forest_end_2, infiniplex_forest_clump_cross,
          infiniplex_forest_clump_small, infiniplex_forest_clump_diagonal
Snake:1:  layout_onion_interference, basic_altar, evilmike_ambush
          [evilmike_ambush_outer_doors, evilmike_ambush_inner_pond]
Snake:2:  layout_rooms, grunt_ministairs_8, uniq_mlioglotl
Snake:3:  layout_rooms, serial_shops, shop, nicolae_shop_self_help,
          minmay_shoptagon
Slime:1:  nicolae_slime_jelly_donut, layout_caves, nicolae_slime_phagocytosis
Orc:1:    layout_diamond_mine, serial_shops, shop, uniq_fannar
Orc:2:    st_orc_mages, layout_caves, serial_shops, shop,
          nicolae_shop_pleasant_corner_grove, shop, nicolae_shop_rolled_up
Depths:1: layout_gridlike, enter_ziggurat_a, hangedman_geh_valley,
          hangedman_abyss_entry_splay, serial_shops, nicolae_shop_behind_doors,
          nicolae_island_escapes

Skill      XL: |  1  2  3  4  5  6  7  8  9 10 11 12 13 14 15 16 |
---------------+-------------------------------------------------+-----
Long Blades    | 2 |  2.1
Fighting       | 3 4 6 7 8 9 10 11 12 13 14 15 | 15.4
Armour         | 4 5 6 8 9 11 12 13 15 16 17 18 19 | 19.6
Shields        | 5 6 8 10 | 10.6
Maces & Flails | 2 5 6 8 9 11 12 13 | 13.2
Invocations    | 3 6 8 10 11 | 11.9

Action                     |  1- 3 |  4- 6 |  7- 9 | 10-12 | 13-15 | 16-18 || total
---------------------------+-------+-------+-------+-------+-------+-------++-------
  Melee: Long sword        |   149 |    63 |       |       |       |       ||   212
         Tailslap          |     8 |    18 |    61 |    87 |   294 |    55 ||   523
         Falchion          |       |    93 |   266 |       |       |       ||   359
         Morningstar       |       |       |   111 |   127 |       |       ||   238
         War axe           |       |       |       |   218 |       |       ||   218
         Demon whip        |       |       |       |   211 |  1500 |   373 ||  2084
  Throw: Dart              |       |       |       |     4 |     2 |       ||     6
 Invoke: Heroism           |       |     1 |       |     2 |     6 |     1 ||    10
         Finesse           |       |       |       |       |     2 |     1 ||     3
         Duel              |       |       |       |       |     3 |       ||     3
  Evoke: Wand              |       |       |       |       |     1 |       ||     1
    Use: Scroll            |     1 |       |     7 |    17 |    11 |       ||    36
         Potion            |       |     1 |     4 |    15 |    14 |     3 ||    37
   Stab: Petrified         |       |       |       |     2 |       |       ||     2
         Petrifying        |       |       |       |       |     1 |       ||     1
 Armour: Scale mail        |    39 |       |       |    65 |   460 |   139 ||   703
         Ring mail         |    65 |    75 |   241 |   322 |    90 |       ||   793
         Skin              |       |       |       |       |     7 |       ||     7
  Dodge: Dodged            |    74 |    65 |   201 |   379 |   397 |   106 ||  1222
  Block: Buckler           |    28 |    34 |   120 |   190 |   291 |    74 ||   737
